 Dungeon Crawl Stone Soup version 0.29.1-15-g9cfb28693d (webtiles) character file.

Game seed: 13967239658502729937

30 Jase the Poker (level 3, 0/42 HPs)
             Began as a Merfolk Gladiator on Apr 23, 2023.
             Was an Initiate of Gozag.
             Succumbed to a gnoll's poison
             ... on level 2 of the Dungeon.
             The game lasted 00:01:42 (728 turns).

Jase the Poker (Merfolk Gladiator)                   Turns: 728, Time: 00:01:42

Health: 0/42       AC:  4    Str: 14    XL:     3   Next: 18%
Magic:  3/3        EV: 13    Int:  9    God:    Gozag
Gold:   102        SH:  0    Dex: 15    Spells: 2/2 levels left

rFire   . . .      SeeInvis .   a - +0 trident
rCold   . . .      Faith    .   (no shield)
rNeg    . . .      Spirit   .   b - +0 leather armour
rPois   .          Reflect  .   c - +0 helmet
rElec   .          Harm     .   (no cloak)
rCorr   .          Rampage  .   (no gloves)
Will    .....                   (no boots)
Stlth   ..........              (no amulet)
HPRegen 0.14/turn               (no ring)
MPRegen 0.08/turn               (no ring)

@: berserking, lethally poisoned (0 -> -24), gold aura, very quick
A: (nimble swimmer 2), mertail
a: Renounce Religion, Potion Petition, Call Merchant, Bribe Branch


You were on level 2 of the Dungeon.
You worshipped Gozag.
Gozag was aware of your devotion.
You visited 1 branch of the dungeon, and saw 2 of its levels.

You collected 102 gold pieces.

Inventory:

Hand Weapons
 a - a +0 trident (weapon)
Missiles
 d - 3 throwing nets (quivered)
 e - a javelin
Armour
 b - a +0 leather armour (worn)
 c - a +0 helmet (worn)
Scrolls
 f - a scroll of teleportation {unknown}
Potions
 h - a potion of ambrosia {unknown}
 i - a potion of resistance {unknown}


   Skills:
 + Level 2.7 Fighting
 * Level 4.9 Polearms
 - Level 2.0 Throwing
 + Level 4.4 Dodging


You had 2 spell levels left.
You didn't know any spells.
Your spell library was empty.

Dungeon Overview and Level Annotations

Branches:
Dungeon (2/15)

Altars:
Gozag


Innate Abilities, Weirdness & Mutations

((You are very nimble when in or above water. (Stealth+, EV+, Speed+++)))
Your lower body shifts to a powerful aquatic tail in water.


Message History

The gnoll splashes around in the water.
You barely miss the gnoll.
Your tail-slap misses the gnoll.
The gnoll is moderately wounded.
The gnoll is no longer distracted by gold.
The gnoll hits you with a +0 flail.
The gnoll hits you from afar with a +0 spear.
You hit the gnoll.
The gnoll is heavily wounded.
The gnoll closely misses you. The gnoll misses you.
You barely miss the gnoll. You punch the gnoll, but do no damage.
The gnoll is heavily wounded.
The gnoll barely misses you.
The gnoll splashes around in the water.
The gnoll closely misses you. The gnoll attacks as you move away!
The gnoll closely misses you. The gnoll attacks as you move away!
The gnoll misses you. The gnoll attacks as you move away!
The gnoll hits you with a +0 flail. The gnoll attacks as you move away!
The gnoll barely misses you.
Your legs become a tail as you enter the water.
Found a war axe.
Things that are here:
6 gold pieces; a +0 dagger Reach: a) +0 trident
Press: ? - help, Dir - move target, f - gnoll
Aim: a gnoll, wielding a +0 flail (heavily wounded, about 36% to evade your +0 trident)
You reach to attack!
You hit the gnoll.
The gnoll is severely wounded.
You hit the gnoll.
You kill the gnoll!
The gnoll hits you from afar with a +2 halberd of venom!
* * * LOW HITPOINT WARNING * * *
You are lethally poisoned!
You have reached level 3!
Your experience leads to an increase in your attributes!
Increase (S)trength, (I)ntelligence, or (D)exterity?
You feel clever. x2
It was a potion of berserk rage.
A red film seems to cover your vision as you go berserk!
You feel yourself moving faster!
You feel mighty!
You die...
Your body crumbles into a pile of gold.

##.#...)# .# ...#....#
..# ...#....##...##
..............##
##......#####.#.
##.....#......#. ########
.##.##.#.######. #......#
.+..##.#.# #)##......#
.#####.... #.@$......# .#
#..... ####gg....# .#
#.....### ##.###.#
>#####..>..+.. ##...##.#
...........##.###..~..#$#
#############.....~~~..?#
######## #..##..~..#.#
.......######..###...##.#
##............g#.##.###.#


You could see 2 gnolls.

Vanquished Creatures
  A gnoll (D:2)
  A dart slug (D:1)
  3 ball pythons
  3 endoplasms (D:2)
  4 goblins
  A hobgoblin (D:1)
  A bat (D:1)
  A kobold (D:1)
  2 rats
17 creatures vanquished.

Notes
Turn   | Place    | Note
-------+----------+-------------------------------------------
     0 | D:1      | Jase the Merfolk Gladiator began the quest for the Orb.
     0 | D:1      | Reached XP level 1. HP: 16/16 MP: 1/1
    60 | D:1      | Found a faded altar of an unknown god.
    77 | D:1      | Prayed at the altar of an unknown god.
    77 | D:1      | Became a worshipper of Gozag Ym Sagoz the Greedy
   118 | D:1      | Reached XP level 2. HP: 23/23 MP: 2/2
   728 | D:2      | Reached XP level 3. HP: 3/28 MP: 3/3
   728 | D:2      | Succumbed to a gnoll's poison

Illustrated notes

Levels and vault maps discovered:
D:1:      wander_arrival_lonely_grave, layout_rooms,
          nicolae_ecumenical_snake_handling, minivault_27
D:2:      minmay_spotlight, layout_basic, amcnicky_mini_pool_small

Action                   || total
-------------------------++-------
Melee: Trident           ||    45
       Punch             ||     2
  Use: Potion            ||     1
 Stab: Sleeping          ||     2
Armor: Leather armour    ||     7
Dodge: Dodged            ||    20
